| TOP OF THE 1ST |
|
Joplin Blasters batting - Pitching for Madison Brewers : RHP Jim Strickland
|
|
Pitching: RHP Jim Strickland
|
|
|
Batting: RHB Dave Saldana
|
0-0: Ball 1-0: Fly out, F8 (Flyball, 8LD, EV 86.2 MPH)
|
|
Batting: LHB David Bearden
|
0-0: Ball 1-0: Ball 2-0: Swinging Strike 2-1: Called Strike 2-2: Ball 3-2: Fly out, F8 (Flyball, 89D, EV 82.5 MPH)
|
|
Batting: RHB Bobby Matyas
|
0-0: Foul Ball, location: 2F 0-1: Foul Ball, location: 2F 0-2: Ball 1-2: Ball 2-2: DOUBLE (Line Drive, 9D, EV 90.6 MPH)
|
|
Pinch Runner at 2nd Danny Pacheco:
|
|
|
Batting: LHB Josh Dalton
|
0-0: Called Strike 0-1: SINGLE (Line Drive, 56D, EV 104.4 MPH) Danny Pacheco to third Runner from 3rd tries for Home, SAFE, throw by LF to home
|
|
Batting: RHB Justin Goff
|
0-0: Foul Ball, location: 2F 0-1: Foul Ball, location: 2F 0-2: Ball 1-2: Ball 2-2: Fielders Choice at 2nd, 6-4 (Groundball, 6, EV 102.5 MPH)
|
| Top of the 1st over - 1 run, 2 hits, 0 errors, 1 left on base; Joplin 1 - Madison 0 |
| BOTTOM OF THE 1ST |
|
Madison Brewers batting - Pitching for Joplin Blasters : RHP Howie Seidler
|
|
Pitching: RHP Howie Seidler
|
|
|
Now at SS: Ryoji Hiraoka
|
|
|
Batting: RHB Hector Silva
|
0-0: Ball 1-0: Called Strike 1-1: Ball 2-1: Called Strike 2-2: Ball 3-2: Strikes out swinging
|
|
Batting: LHB Steven Donovan
|
0-0: Ball 1-0: Swinging Strike 1-1: Ball 2-1: Swinging Strike 2-2: Strikes out looking
|
|
Batting: SHB Aaron Neill
|
0-0: SINGLE (Groundball, 34S, EV 71.2 MPH) (infield hit)
|
|
Batting: SHB Jerry Duffy
|
0-0: Ball Aaron Neill steals 2nd base 1-0: Ball 2-0: Called Strike 2-1: Fly out, F7 (Flyball, 78D, EV 98.8 MPH)
|
| Bottom of the 1st over - 0 runs, 1 hit, 0 errors, 1 left on base; Joplin 1 - Madison 0 |
| TOP OF THE 2ND |
|
Joplin Blasters batting - Pitching for Madison Brewers : RHP Jim Strickland
|
|
Batting: SHB Sean Hill
|
0-0: Called Strike 0-1: Foul Ball, location: 2F 0-2: Ball 1-2: Reached on error, E3 (Groundball, 3, EV 85.0 MPH)
|
|
Batting: RHB Adam Krieger
|
Balk! Sean Hill to second 0-0: Swinging Strike 0-1: Ball Wild Pitch! Sean Hill to third 1-1: Fly out, F9 (Flyball, 9D, EV 84.4 MPH) Runner from 3rd tags up, SCORES, throw by RF
|
|
Batting: RHB Jason Birge
|
0-0: Ball 1-0: Foul Ball, location: 2F 1-1: Ball 2-1: SOLO HOME RUN (Flyball, 7LD, EV 91.9 MPH), Distance : 349 ft
|
|
Batting: RHB Carlos Santoni
|
0-0: Ball 1-0: Foul Ball, location: 2F 1-1: Foul Ball, location: 2F 1-2: Ground out 1-3 (Groundball, P, EV 70.0 MPH)
|
|
Batting: RHB Dave Saldana
|
0-0: SINGLE (Groundball, 4MD, EV 100.6 MPH)
|
|
Batting: LHB David Bearden
|
0-0: Ball 1-0: Fielders Choice at 2nd, 5-4 (Groundball, 56, EV 107.5 MPH)
|
| Top of the 2nd over - 2 runs, 2 hits, 1 error, 1 left on base; Joplin 3 - Madison 0 |
| BOTTOM OF THE 2ND |
|
Madison Brewers batting - Pitching for Joplin Blasters : RHP Howie Seidler
|
|
Batting: SHB Ramon Perez
|
0-0: Ground out 6-3 (Groundball, 4MD, EV 91.9 MPH)
|
|
Batting: RHB Chris Riddel
|
0-0: Swinging Strike 0-1: Ball 1-1: Ball 2-1: Foul Ball, location: 2F 2-2: Ball 3-2: Ground out 6-3 (Groundball, 6, EV 78.8 MPH)
|
|
Batting: RHB Drew Forbess
|
0-0: Ball 1-0: Foul Ball, location: 2F 1-1: Foul Ball, location: 2F 1-2: Ground out 5-3 (Groundball, 25, EV 91.9 MPH)
|
| Bottom of the 2nd over - 0 runs, 0 hits, 0 errors, 0 left on base; Joplin 3 - Madison 0 |
| TOP OF THE 3RD |
|
Joplin Blasters batting - Pitching for Madison Brewers : RHP Jim Strickland
|
|
Batting: SHB Ryoji Hiraoka
|
0-0: Called Strike 0-1: Ball 1-1: Swinging Strike 1-2: Ground out 4-3 (Groundball, 34, EV 100.6 MPH)
|
|
Batting: LHB Josh Dalton
|
0-0: Ball 1-0: Fly out, F3 (Flyball, 3D, EV 83.1 MPH)
|
|
Batting: RHB Justin Goff
|
0-0: Foul Ball, location: 2F 0-1: Called Strike 0-2: Strikes out looking
|
| Top of the 3rd over - 0 runs, 0 hits, 0 errors, 0 left on base; Joplin 3 - Madison 0 |
| BOTTOM OF THE 3RD |
|
Madison Brewers batting - Pitching for Joplin Blasters : RHP Howie Seidler
|
|
Batting: RHB Herb McIntyre
|
0-0: Swinging Strike 0-1: Called Strike 0-2: Foul Ball, location: 2F 0-2: Fly out, F6 (Flyball, 56D, EV 86.2 MPH)
|
|
Pitching: RHP Greg Sell
|
|
|
Batting: RHB Justin Marino
|
0-0: Ball 1-0: Foul Ball, location: 2F 1-1: Swinging Strike 1-2: Ball 2-2: Foul Ball, location: 2F 2-2: Foul Ball, location: 2F 2-2: Ball 3-2: Strikes out looking
|
|
Batting: RHB Hector Silva
|
0-0: Called Strike 0-1: Foul Ball, location: 2F 0-2: Ground out 4-3 (Groundball, 4, EV 105.6 MPH)
|
| Bottom of the 3rd over - 0 runs, 0 hits, 0 errors, 0 left on base; Joplin 3 - Madison 0 |
| TOP OF THE 4TH |
|
Joplin Blasters batting - Pitching for Madison Brewers : RHP Jim Strickland
|
|
Batting: SHB Sean Hill
|
0-0: Called Strike 0-1: Fly out, F8 (Flyball, 8RM, EV 81.9 MPH)
|
|
Batting: RHB Adam Krieger
|
0-0: Called Strike 0-1: Ball 1-1: SINGLE (Groundball, 4MD, EV 95.6 MPH)
|
|
Batting: RHB Jason Birge
|
0-0: Called Strike 0-1: Fly out, F9 (Flyball, 9S, EV 78.8 MPH)
|
|
Batting: RHB Carlos Santoni
|
0-0: Ball 1-0: Called Strike 1-1: SINGLE (Line Drive, 56, EV 98.8 MPH) Adam Krieger to second
|
|
Batting: RHB Dave Saldana
|
0-0: Swinging Strike 0-1: Ball 1-1: Swinging Strike 1-2: Ball 2-2: Ball 3-2: SINGLE (Groundball, 56, EV 103.8 MPH) (infield hit) Adam Krieger to third Carlos Santoni to second
|
|
Batting: LHB David Bearden
|
0-0: Ball 1-0: Called Strike 1-1: Ball 2-1: Ground out U3 (Groundball, 13, EV 85.6 MPH)
|
| Top of the 4th over - 0 runs, 3 hits, 0 errors, 3 left on base; Joplin 3 - Madison 0 |
| BOTTOM OF THE 4TH |
|
Madison Brewers batting - Pitching for Joplin Blasters : RHP Greg Sell
|
|
Batting: LHB Steven Donovan
|
0-0: Foul Ball, location: 2F 0-1: Ground out 6-3 (Groundball, 6, EV 102.5 MPH)
|
|
Batting: SHB Aaron Neill
|
0-0: Called Strike 0-1: Ball 1-1: Ball 2-1: Ground out 4-3 (Groundball, 4, EV 82.5 MPH)
|
|
Batting: SHB Jerry Duffy
|
0-0: Ball 1-0: SOLO HOME RUN (Flyball, 9D, EV 95.6 MPH), Distance : 398 ft
|
|
Batting: SHB Ramon Perez
|
0-0: Ball 1-0: Called Strike 1-1: Foul Ball, location: 2F 1-2: Ball 2-2: Ball 3-2: Strikes out looking
|
| Bottom of the 4th over - 1 run, 1 hit, 0 errors, 0 left on base; Joplin 3 - Madison 1 |
| TOP OF THE 5TH |
|
Joplin Blasters batting - Pitching for Madison Brewers : RHP Jim Strickland
|
|
Batting: SHB Ryoji Hiraoka
|
0-0: Called Strike 0-1: Foul Ball, location: 2F 0-2: Foul Ball, location: 2F 0-2: Fly out, F7 (Flyball, 7LS, EV 84.4 MPH)
|
|
Batting: LHB Josh Dalton
|
0-0: Called Strike 0-1: Ball 1-1: Swinging Strike 1-2: Ball 2-2: Strikes out swinging
|
|
Batting: RHB Justin Goff
|
0-0: Called Strike 0-1: Ground out 6-3 (Groundball, 6, EV 82.5 MPH)
|
| Top of the 5th over - 0 runs, 0 hits, 0 errors, 0 left on base; Joplin 3 - Madison 1 |
| BOTTOM OF THE 5TH |
|
Madison Brewers batting - Pitching for Joplin Blasters : RHP Greg Sell
|
|
Batting: RHB Chris Riddel
|
0-0: Ball 1-0: Ground out 6-3 (Groundball, 6D, EV 99.4 MPH)
|
|
Pinch Hitting: LHB Sal Burgos
|
0-0: Ball 1-0: Swinging Strike 1-1: SINGLE (Groundball, 4D, EV 105.0 MPH)
|
|
Pinch Hitting: SHB Sam Bingham
|
0-0: Foul Ball, location: 2F 0-1: Ball 1-1: Fly out, F7 (Flyball, 7D, EV 105.0 MPH)
|
|
Pinch Hitting: LHB Rick Campbell
|
0-0: Ball 1-0: Ball 2-0: Foul Ball, location: 2F 2-1: Ball 3-1: Base on Balls Sal Burgos to second
|
|
Pitching: RHP Bryan Kiefer
|
|
|
Pinch Runner at 2nd Victor Alarcon:
|
|
|
Batting: RHB Hector Silva
|
0-0: Called Strike 0-1: Ball 1-1: Ball 2-1: Swinging Strike 2-2: Ball 3-2: Strikes out swinging, 2-3 out at first.
|
| Bottom of the 5th over - 0 runs, 1 hit, 0 errors, 2 left on base; Joplin 3 - Madison 1 |
| TOP OF THE 6TH |
|
Joplin Blasters batting - Pitching for Madison Brewers : RHP Jim Strickland
|
|
Now at 1B: Chris Fruit
|
|
|
Now at 2B: Sam Bingham
|
|
|
Now at SS: Rick Campbell
|
|
|
Batting: SHB Sean Hill
|
0-0: Called Strike 0-1: Fly out, F8 (Flyball, 8RD, EV 83.1 MPH)
|
|
Batting: RHB Adam Krieger
|
0-0: Ball 1-0: Ball 2-0: Foul Ball, location: 2F 2-1: Fly out, F6 (Flyball, 56D, EV 88.1 MPH)
|
|
Batting: RHB Jason Birge
|
0-0: Swinging Strike 0-1: Swinging Strike 0-2: Foul Ball, location: 2F 0-2: Foul Ball, location: 2F 0-2: Ball 1-2: Ball 2-2: Ball 3-2: Strikes out swinging
|
| Top of the 6th over - 0 runs, 0 hits, 0 errors, 0 left on base; Joplin 3 - Madison 1 |
| BOTTOM OF THE 6TH |
|
Madison Brewers batting - Pitching for Joplin Blasters : RHP Bryan Kiefer
|
|
Batting: LHB Steven Donovan
|
0-0: Foul Ball, location: 2F 0-1: Foul Ball, location: 2F 0-2: Ball 1-2: Foul Ball, location: 2F 1-2: Ball 2-2: Foul Ball, location: 2F 2-2: Foul Ball, location: 2F 2-2: Foul Ball, location: 2F 2-2: Foul Ball, location: 2F 2-2: Foul Ball, location: 2F 2-2: Fly out, F3 (Popup, 34, EV 73.8 MPH)
|
|
Batting: SHB Aaron Neill
|
0-0: Ball 1-0: Called Strike 1-1: Foul Ball, location: 2F 1-2: Ground out 4-3 (Groundball, 4, EV 80.0 MPH)
|
|
Batting: SHB Jerry Duffy
|
0-0: Ball 1-0: Ball 2-0: Called Strike 2-1: Ball 3-1: Called Strike 3-2: Ground out U3 (Groundball, 23, EV 79.4 MPH)
|
| Bottom of the 6th over - 0 runs, 0 hits, 0 errors, 0 left on base; Joplin 3 - Madison 1 |
| TOP OF THE 7TH |
|
Joplin Blasters batting - Pitching for Madison Brewers : RHP Jim Strickland
|
|
Batting: RHB Carlos Santoni
|
0-0: Ball 1-0: Foul Ball, location: 2F 1-1: Ball 2-1: Ball 3-1: Foul Ball, location: 2F 3-2: Foul Ball, location: 2F 3-2: Foul Ball, location: 2F 3-2: Base on Balls
|
|
Pitching: RHP Joe Gonzales
|
|
|
Batting: RHB Dave Saldana
|
0-0: Ball 1-0: Ball 2-0: Bunted foul 2-1: Sac Bunt to 23 - play at first, batter OUT! 3-4 Carlos Santoni to second
|
|
Batting: LHB David Bearden
|
0-0: Called Strike 0-1: Ball 1-1: Foul Ball, location: 2F 1-2: Foul Ball, location: 2F 1-2: Foul Ball, location: 2F 1-2: Ball 2-2: Foul Ball, location: 2F 2-2: Strikes out swinging
|
|
Batting: SHB Ryoji Hiraoka
|
0-0: Ball 1-0: Swinging Strike 1-1: Ball 2-1: Called Strike 2-2: Foul Ball, location: 2F 2-2: Fly out, F8 (Flyball, 8RM, EV 96.2 MPH)
|
| Top of the 7th over - 0 runs, 0 hits, 0 errors, 1 left on base; Joplin 3 - Madison 1 |
| BOTTOM OF THE 7TH |
|
Madison Brewers batting - Pitching for Joplin Blasters : RHP Bryan Kiefer
|
|
Pitching: RHP Gary Ackerman
|
|
|
Batting: SHB Ramon Perez
|
0-0: Ball 1-0: Swinging Strike 1-1: Called Strike 1-2: Strikes out swinging
|
|
Batting: RHB Chris Riddel
|
0-0: Ground out 6-3 (Groundball, 6, EV 105.6 MPH)
|
|
Batting: RHB Chris Fruit
|
0-0: Ball 1-0: Foul Ball, location: 2F 1-1: Ball 2-1: Swinging Strike 2-2: SINGLE (Line Drive, 7S, EV 111.2 MPH)
|
|
Batting: SHB Sam Bingham
|
0-0: Fielders Choice at 2nd, U6 (Groundball, 6M, EV 85.6 MPH)
|
| Bottom of the 7th over - 0 runs, 1 hit, 0 errors, 1 left on base; Joplin 3 - Madison 1 |
| TOP OF THE 8TH |
|
Joplin Blasters batting - Pitching for Madison Brewers : RHP Joe Gonzales
|
|
Pitching: RHP Omar Morales
|
|
|
Batting: LHB Josh Dalton
|
0-0: Swinging Strike 0-1: Foul Ball, location: 2F 0-2: Ball 1-2: DOUBLE (Groundball, 5L, EV 101.9 MPH)
|
|
Batting: RHB Justin Goff
|
0-0: Ball 1-0: Called Strike 1-1: Swinging Strike 1-2: SINGLE (Groundball, 6MD, EV 99.4 MPH) Josh Dalton to third Runner from 3rd tries for Home, SAFE, throw by CF to home
|
|
Batting: SHB Sean Hill
|
0-0: Called Strike 0-1: Ball 1-1: Ball 2-1: Foul Ball, location: 2F 2-2: Foul Ball, location: 2F 2-2: Strikes out swinging
|
|
Batting: RHB Adam Krieger
|
0-0: Foul Ball, location: 2F 0-1: Ball 1-1: Ball 2-1: Grounds into double play, 6-4-3 (Groundball, 6S, EV 91.9 MPH)
|
| Top of the 8th over - 1 run, 2 hits, 0 errors, 0 left on base; Joplin 4 - Madison 1 |
| BOTTOM OF THE 8TH |
|
Madison Brewers batting - Pitching for Joplin Blasters : RHP Gary Ackerman
|
|
Batting: LHB Rick Campbell
|
0-0: Called Strike 0-1: Ball 1-1: Called Strike 1-2: Ball 2-2: Foul Ball, location: 2F 2-2: Foul Ball, location: 2F 2-2: Strikes out looking
|
|
Pinch Hitting: SHB C.J. Olivares
|
0-0: Swinging Strike 0-1: Called Strike 0-2: Ball 1-2: Ball 2-2: Ball 3-2: Ground out 4-3 (Groundball, 4, EV 82.5 MPH)
|
|
Batting: LHB Steven Donovan
|
0-0: Ball 1-0: Called Strike 1-1: SINGLE (Line Drive, 6D, EV 98.8 MPH)
|
|
Batting: SHB Aaron Neill
|
0-0: Foul Ball, location: 2F 0-1: Swinging Strike 0-2: Strikes out swinging
|
| Bottom of the 8th over - 0 runs, 1 hit, 0 errors, 1 left on base; Joplin 4 - Madison 1 |
| TOP OF THE 9TH |
|
Joplin Blasters batting - Pitching for Madison Brewers : RHP Omar Morales
|
|
Now in LF: C.J. Olivares
|
|
|
Batting: RHB Jason Birge
|
0-0: Called Strike 0-1: Ball 1-1: Ball 2-1: Ball 3-1: Ground out 6-3 (Groundball, 6S, EV 85.0 MPH)
|
|
Batting: RHB Carlos Santoni
|
0-0: Called Strike 0-1: Swinging Strike 0-2: Strikes out swinging
|
|
Batting: RHB Dave Saldana
|
0-0: Called Strike 0-1: Called Strike 0-2: Ball 1-2: Fly out, F3 (Flyball, 3D, EV 73.1 MPH)
|
| Top of the 9th over - 0 runs, 0 hits, 0 errors, 0 left on base; Joplin 4 - Madison 1 |
| BOTTOM OF THE 9TH |
|
Madison Brewers batting - Pitching for Joplin Blasters : RHP Gary Ackerman
|
|
Pitching: RHP Justin Potts
|
|
|
Batting: SHB Jerry Duffy
|
0-0: Foul Ball, location: 2F 0-1: Ball 1-1: Swinging Strike 1-2: Strikes out swinging
|
|
Batting: SHB Ramon Perez
|
0-0: Ball 1-0: Called Strike 1-1: Called Strike 1-2: Strikes out swinging
|
|
Batting: RHB Chris Riddel
|
0-0: Ball 1-0: Fly out, F6 (Popup, 4MD, EV 60.0 MPH)
|
| Bottom of the 9th over - 0 runs, 0 hits, 0 errors, 0 left on base; Joplin 4 - Madison 1 |
|